 Dungeon Crawl Stone Soup version 0.27-a0-1105-g946c659c87 (console) character file.

Game seed: 6891195624369193716

5534 GreatCaesar the Grappler (level 10, -8/91 HPs)
             Began as a Troll Arcane Marksman on Apr 29, 2021.
             Was an Elder of Okawaru.
             Mangled by a five-headed hydra (9 damage)
             ... on level 8 of the Dungeon on Apr 30, 2021.
             The game lasted 00:28:03 (6721 turns).

GreatCaesar the Grappler (Troll Arcane Marksman)    Turns: 6721, Time: 00:28:11

Health: -8/91      AC:  8    Str: 22    XL:     10   Next: 43%
Magic:  9/11       EV: 13    Int:  8    God:    Okawaru [****..]
Gold:   242        SH:  0    Dex: 11    Spells: 10/11 levels left

rFire    . . .     SeeInvis .   x - +2 hand axe (flame)
rCold    . . .     Faith    +   (no shield)
rNeg     + . .     Spirit   .   N - +1 robe {Will+}
rPois    +         Reflect  .   (helmet restricted)
rElec    .         Harm     .   e - +2 ratskin cloak {*Rats rPois rN+ Str-1 Int-1 Dex+1}
rCorr    .         Rampage  .   (gloves unavailable)
Will     +....                  (boots unavailable)
Stlth    +++.......             q - amulet of faith
HPRegen  1.25/turn              (no ring)
MPRegen  0.12/turn              (no ring)

@: heroic
A: large, unfitting armour, claws 3, regeneration 1, shaggy fur 1, tough skin 1
a: Renounce Religion, Heroism


You were on level 8 of the Dungeon.
You worshipped Okawaru.
Okawaru was greatly pleased with you.
You visited 2 branches of the dungeon, and saw 9 of its levels.

You collected 329 gold pieces.
You spent 87 gold pieces at shops.

Inventory:

Hand Weapons
 b - the +0 spear of Vaof {speed, *Rage Fly rN+ Dex+2}
   (You found it on level 6 of the Dungeon)

   Attacks with this weapon are significantly faster.
   It affects your dexterity (+2).
   It protects you from negative energy.
   It grants you flight.
   It may make you go berserk in combat.
 x - a +2 hand axe of flaming (weapon)
 C - a +0 vorpal trident
 H - a +1 whip of electrocution
Missiles
 d - 2 throwing nets (quivered)
 h - 6 silver javelins
 k - 143 stones
 s - 5 boomerangs
 u - 4 boomerangs of dispersal
 G - 35 poisoned darts
 I - a curare-tipped dart
Armour
 e - the +2 ratskin cloak (worn) {*Rats rPois rN+ Str-1 Int-1 Dex+1}
   (You found it on level 6 of the Dungeon)

   It affects your strength (-1).
   It affects your intelligence (-1).
   It affects your dexterity (+1).
   It protects you from poison.
   It protects you from negative energy.
 L - +0 steam dragon scales
 N - a +1 robe of willpower (worn)
Magical Staves
 j - a staff of air
Jewellery
 q - an amulet of faith (around neck)
Wands
 M - a wand of acid (6)
Scrolls
 a - a scroll of blinking {unknown}
 l - 5 scrolls of identify {unknown}
 m - 3 scrolls of enchant weapon {unknown}
 p - a scroll of fog {unknown}
 y - a scroll of noise {unknown}
 z - 6 scrolls of teleportation {unknown}
 F - a scroll of silence {unknown}
 J - a scroll of enchant armour {unknown}
 Q - 2 scrolls of amnesia {unknown}
Potions
 f - 2 potions of might {unknown}
 g - a potion of flight {unknown}
 i - 2 potions of haste {unknown}
 n - 2 potions of cancellation {unknown}
 o - 2 potions of degeneration {unknown}
 r - a potion of heal wounds {unknown}
 t - 3 potions of curing
 A - a potion of magic {unknown}
 B - a potion of berserk rage {unknown}
 D - a potion of lignification {unknown}
 E - 2 potions of mutation {unknown}
 P - a potion of brilliance {unknown}
Miscellaneous
 w - a tin of tremorstones (2/2)


   Skills:
 * Level 3.0(8.0) Fighting
 + Level 3.3(8.3) Throwing
 + Level 4.4(9.4) Dodging
 * Level 12.8(17.8) Unarmed Combat
 - Level 1.0 Spellcasting
 - Level 2.0 Hexes
 * Level 3.8 Invocations


You had 10 spell levels left.
You knew the following spells:

 Your Spells              Type           Power      Damage    Failure   Level
a - Corona                Hex            3%         N/A       17%         1

Your spell library contained the following spells:

 Spells                   Type           Power      Damage    Failure   Level
 Slow                     Hex            3%         N/A       26%         2
 Sandblast                Erth           0%         2d4       36%         1
 Passwall                 Tmut/Erth      0%         N/A       52%         2
 Dazzling Flash           Conj/Hex       4%         N/A       61%         3
 Inner Flame              Hex/Fire       2%         N/A       61%         3
 Portal Projectile        Hex/Tloc       4%         N/A       61%         3
 Mephitic Cloud           Conj/Pois/Air  0%         N/A       75%         3
 Stone Arrow              Conj/Erth      0%         3d7       75%         3
 Cause Fear               Hex            1%         N/A       86%         4
 Fulminant Prism          Conj/Hex       1%         3d6       95%         4
 Leda's Liquefaction      Hex/Erth       1%         N/A       95%         4
 Iskenderun's Mystic Bla  Conj/Tloc      0%         2d3       98%         4
 Petrify                  Tmut/Erth      0%         N/A       98%         4
 Alistair's Intoxication  Tmut/Pois      0%         N/A       100%        5
 Lee's Rapid Deconstruct  Erth           0%         3d5*      100%        5


Dungeon Overview and Level Annotations

Branches:
Dungeon (8/15)             Temple (1/1) D:4
   Lair: D:8-11

Altars:
Ashenzari
Cheibriados
Dithmenos
Gozag
Kikubaaqudgha
Makhleb
Okawaru
Ru
Sif Muna
Trog
Uskayaw
Vehumet
Wu Jian
Xom
Yredelemnul
Zin
The Shining One
Lugonu

Shops:
D:7 (*

Annotations:
D:5 4 runed translucent doors


Innate Abilities, Weirdness & Mutations

You are too large for most types of armour.
You have claws for hands.
Your natural rate of healing is unusually fast.
You are covered in fur. (AC +1)
You have tough skin. (AC +1)


Message History

You see here 13 sling bullets.
There is an escape hatch in the ceiling here.
You see here 13 sling bullets.
Okay, then.
Your +2 hand axe of flaming bursts into flame!
x - a +2 hand axe of flaming (weapon)
You gain the combat prowess of a mighty hero.
You can no longer speed up your combat.
Okawaru will no longer gift you equipment.
The six-headed hydra bites you! The six-headed hydra bites you.
The six-headed hydra bites you! The six-headed hydra bites you.
The six-headed hydra bites you! The six-headed hydra bites you.
Unknown command.
You barely miss the six-headed hydra. The six-headed hydra bites you! x2
The six-headed hydra closely misses you.
The six-headed hydra bites you but does no damage. x3
Unknown command.
You slice one of the six-headed hydra's heads off!
The flame cauterises the wound!
You hit the five-headed hydra. You burn the five-headed hydra.
The five-headed hydra is lightly wounded.
The five-headed hydra bites you but does no damage.
The five-headed hydra bites you. The five-headed hydra bites you!
* * * LOW HITPOINT WARNING * * *
A river rat scurries out from under your cloak.
The five-headed hydra bites you!
* * * LOW HITPOINT WARNING * * *
The five-headed hydra barely misses you.
Press: ? - help, v - describe, . - travel
Here: a five-headed hydra (lightly wounded, ally target)
The floor.
Unknown command.
Unknown command.
The five-headed hydra bites you.
* * * LOW HITPOINT WARNING * * *
The five-headed hydra bites you but does no damage.
The five-headed hydra bites you!
* * * LOW HITPOINT WARNING * * *
A river rat scurries out from under your cloak.
The five-headed hydra bites you!
You die...

#....>...........
#.###.....###....
#...#.....# #....
###.#.#.#.###
#.... #.......#.#
##.#. #<#..(....#
#.#. #r#...#####
###.## #.##..#
#..... #.@D..#
#..... #####r#
####..... #.#
#....†... #.#
#........ #..
#........ #.
#........ ..
####.#... #.#.##
..####.#(#


You could see a five-headed hydra (ally target) and 2 friendly river rats.

Vanquished Creatures
  A two-headed ogre (D:8)
  A centaur warrior (D:8)
  Joseph (D:7)
  Maggie (D:7)
  A kobold demonologist (D:5)
  A troll (D:5)
  3 yaks (D:8)
  A steam dragon (D:7)
  3 water moccasins
  3 ice beasts
  A hornet zombie (D:7)
  3 black bears
  2 ogres
  3 centaurs
  A kobold brigand (D:7)
  A wyvern zombie (D:7)
  3 bullfrogs
  A wight (D:7)
  2 centaur zombies
  2 jellies
  A centaur skeleton (D:7)
  2 orc priests (D:3)
  Jessica (D:2)
  3 iguanas
  Natasha (thrice) (D:4)
  A scorpion zombie (D:5)
  7 orc wizards
  A hell rat (D:6)
  A hound skeleton (D:4)
  A mummy (D:7)
  A howler monkey skeleton (D:5)
  5 gnolls
  4 adders
  6 river rats (D:6)
  A shadow imp (D:5)
  3 white imps (D:6)
  An adder skeleton (D:4)
  2 worms (D:4)
  2 dart slugs
  16 orcs
  7 bats
  4 endoplasms
  5 giant cockroaches
  8 hobgoblins
  4 jackals
  4 quokkas
  12 ball pythons
  3 frilled lizards
  8 goblins
  6 kobolds
  21 rats
179 creatures vanquished.

Vanquished Creatures (collateral kills)
  An orc priest (D:8)
1 creature vanquished.

Vanquished Creatures (others)
  A human (D:6)
1 creature vanquished.

Grand Total: 181 creatures vanquished

Notes
Turn   | Place    | Note
-------+----------+-------------------------------------------
     0 | D:1      | GreatCaesar the Troll Arcane Marksman began the quest for
                  | the Orb.
     0 | D:1      | Reached XP level 1. HP: 18/18 MP: 1/1
   116 | D:1      | Reached skill level 1 in Unarmed Combat
   116 | D:1      | Reached XP level 2. HP: 5/26 MP: 2/2
   534 | D:1      | Reached XP level 3. HP: 32/32 MP: 3/3
   606 | D:1      | Found a faded altar of an unknown god.
   836 | D:2      | Noticed Jessica
   839 | D:2      | Killed Jessica
   840 | D:2      | Reached skill level 2 in Unarmed Combat
   914 | D:2      | Reached skill level 1 in Fighting
  1050 | D:2      | Reached XP level 4. HP: 41/41 MP: 4/4
  1643 | D:3      | Found a sacrificial altar of Ru.
  1764 | D:3      | Reached skill level 3 in Unarmed Combat
  1773 | D:3      | Reached XP level 5. HP: 23/48 MP: 5/5
  2000 | D:3      | Reached skill level 4 in Unarmed Combat
  2134 | D:4      | Noticed a water moccasin
  2245 | D:4      | Killed a water moccasin
  2246 | D:4      | Reached XP level 6. HP: 18/55 MP: 6/6
  2291 | D:4      | Noticed Natasha
  2401 | D:4      | Reached skill level 5 in Unarmed Combat
  2448 | D:4      | Killed Natasha
  2481 | D:4      | Reached XP level 7. HP: 62/62 MP: 7/7
  2504 | D:4      | Found a staircase to the Ecumenical Temple.
  2514 | Temple   | Entered the Ecumenical Temple
  2555 | Temple   | Became a worshipper of Warmaster Okawaru
  2610 | D:4      | Noticed Natasha
  2623 | D:4      | Killed Natasha
  2719 | D:4      | Noticed Natasha
  2726 | D:4      | Killed Natasha
  2727 | D:4      | Reached skill level 6 in Unarmed Combat
  2743 | D:4      | Found a shimmering blue altar of Sif Muna.
  2901 | D:5      | Entered Level 5 of the Dungeon
  2929 | D:5      | Found a large runed translucent door.
  2929 | D:5      | Found a large runed translucent door.
  2930 | D:5      | Noticed a vampire
  2931 | D:5      | Noticed a troll
  3366 | D:5      | Found a shimmering altar of Xom.
  3393 | D:5      | Found an ornate altar of the Wu Jian Council.
  3559 | D:5      | Found a large runed translucent door.
  3559 | D:5      | Found a large runed translucent door.
  3616 | D:5      | Reached * piety under Okawaru
  3617 | D:5      | Reached skill level 7 in Unarmed Combat
  3652 | D:5      | Noticed a kobold demonologist
  3666 | D:5      | Killed a kobold demonologist
  3666 | D:5      | Reached ** piety under Okawaru
  3667 | D:5      | Reached skill level 8 in Unarmed Combat
  3667 | D:5      | Reached skill level 1 in Invocations
  3667 | D:5      | Reached XP level 8. HP: 72/72 MP: 5/8
  3940 | D:5      | Noticed a troll
  3947 | D:5      | Killed a troll
  4358 | D:6      | Identified the +0 spear of Vaof {speed, *Rage Fly rN+
                  | Dex+2}
  4425 | D:6      | Reached skill level 9 in Unarmed Combat
  4430 | D:6      | Found the +2 ratskin cloak {*Rats rPois rN+ Str-1 Int-1
                  | Dex+1}
  4693 | D:6      | Identified the +4 ring mail of the Forest {rC+}
  4747 | D:6      | Found an ancient bone altar of Kikubaaqudgha.
  4788 | D:6      | Reached XP level 9. HP: 64/79 MP: 9/9
  4921 | D:6      | Found a bloodstained altar of Trog.
  4933 | D:6      | Reached skill level 10 in Unarmed Combat
  5281 | D:7      | Found a snail-covered altar of Cheibriados.
  5444 | D:7      | Noticed Maggie
  5468 | D:7      | Killed Maggie
  5468 | D:7      | Reached *** piety under Okawaru
  5499 | D:7      | Identified the Grimoire of Excruciating Poison
  5515 | D:7      | Noticed Joseph
  5529 | D:7      | Killed Joseph
  5530 | D:7      | Reached skill level 11 in Unarmed Combat
  5727 | D:7      | Found Tyehuef's Assorted Antiques.
  5959 | D:7      | Found Dilas's Antique Weapon Boutique.
  6055 | D:7      | Found a glowing silver altar of Zin.
  6163 | D:7      | Bought a scroll labelled FIB ERAWALY for 30 gold pieces
  6163 | D:7      | Bought a scroll labelled QOEMIHYU SIELO for 30 gold pieces
  6163 | D:7      | Bought a purple potion for 27 gold pieces
  6201 | D:8      | Reached **** piety under Okawaru
  6206 | D:8      | Reached skill level 12 in Unarmed Combat
  6206 | D:8      | Reached XP level 10. HP: 62/88 MP: 8/11
  6266 | D:8      | Noticed a centaur warrior
  6266 | D:8      | Noticed a death knight
  6269 | D:8      | Noticed a red ugly thing
  6282 | D:8      | Killed a centaur warrior
  6282 | D:8      | Reached ***** piety under Okawaru
  6282 | D:8      | Received a gift from Okawaru
  6568 | D:8      | Found a burning altar of Makhleb.
  6568 | D:8      | Found a radiant altar of Vehumet.
  6568 | D:8      | Noticed a two-headed ogre
  6586 | D:8      | Killed a two-headed ogre
  6634 | D:8      | Noticed a six-headed hydra
  6721 | D:8      | HP: 1/91 [five-headed hydra (9)]
  6721 | D:8      | Mangled by a five-headed hydra

Illustrated notes

Levels and vault maps discovered:
D:1:      amcnicky_arrival_blooded_trapdoor, layout_basic,
          shapermc_ecumenical_altar_mp_vishouse, minmay_splitting_lines
D:2:      layout_basic, uniq_jessica
D:3:      layout_basic, nicolae_ru_sacrificial_ziggurat,
          chequers_serial_rivers_small_3, minmay_vboxes
D:4:      layout_rooms, lemuel_doored_altar,
          minmay_temple_entry_drinking_statues, abandoned_shop, uniq_natasha
D:5:      layout_loops_corners, overflow_temple_1_default,
          nicolae_wu_jian_wuxing_cycle, minmay_misc_feat_encased,
          minmay_hollow_rounded_squares
D:6:      wander_guarded_unrand_ratskin, layout_loops_ring, tgw_kikubaaqudgha,
          trog_ov_bears_minmay, st_stairs_10
D:7:      layout_basic, slow_altar_1, nicolae_overflow_hidden_temple,
          serial_shops, shop, shop, minmay_chambers_of_fives, uniq_joseph,
          uniq_menkaure, uniq_maggie
D:8:      minmay_the_grid_octo_tiled_squarecenter
          [minmay_the_grid_octo_odd_swirl, minmay_the_grid_octo_shrine,
          minmay_the_grid_octo_checkerflower, minmay_the_grid_octo_empty,
          minmay_the_grid_square_5x5_megaprize_open,
          minmay_the_grid_square_5x5_fancy_junction,
          minmay_the_grid_square_5x5_n_small, minmay_the_grid_square_5x5_seven,
          minmay_the_grid_square_5x5_minimal], layout_basic,
          nicolae_hepliaklqana_hippocampus
Temple:   corrupted_temple

Skill      XL: |  1  2  3  4  5  6  7  8  9 10 |
---------------+-------------------------------+-----
Dodging        | 2 3 4 |  4.4
Unarmed Combat | 1 2 3 4 5 8 9 12 | 12.8
Throwing       | 2 3 |  3.3
Fighting       | 1 2 3 |  3.0
Invocations    | 1 2 3 |  3.8
Spellcasting   | |  1.0
Hexes          | |  2.0

Action                   |  1- 3 |  4- 6 |  7- 9 | 10-12 || total
-------------------------+-------+-------+-------+-------++-------
Melee: Unarmed           |    96 |   143 |   272 |    24 ||   535
       Punch             |       |     2 |     9 |     2 ||    13
       Hand axe          |       |       |       |     2 ||     2
Throw: Large rock        |       |       |       |     7 ||     7
 Cast: Corona            |     2 |       |       |       ||     2
Invok: Heroism           |       |       |    10 |     4 ||    14
 Stab: Sleeping          |       |     1 |     2 |       ||     3
Armor: Robe              |    45 |    40 |    70 |    17 ||   172
Dodge: Dodged            |    56 |    56 |    96 |    29 ||   237

Table legend: (Time is in decaauts)
 A = Elapsed time spent in this place.
 B = Non-inter-level travel time spent in this place.
 C = Inter-level travel time spent in this place.
 D = Time resting spent in this place.
 E = Time spent auto-exploring this place.
 F = Levels seen in this place.
 G = Mean time per level.
                   A        B        C        D        E       F      G
               +--------+--------+--------+--------+--------+-----+--------+
         Total |   6683 |   5724 |    959 |    186 |   3630 |   9 |  742.6 |
       Dungeon |   6629 |   5693 |    936 |    186 |   3601 |   8 |  828.6 |
        Temple |     54 |     31 |     23 |      0 |     29 |   1 |   54.0 |
               +--------+--------+--------+--------+--------+-----+--------+

Top non-repeatable levels by time:
     D:5: 1349 daAuts
     D:6: 1096 daAuts
     D:3: 863 daAuts
     D:7: 841 daAuts
     D:1: 826 daAuts
     D:2: 645 daAuts
     D:4: 548 daAuts
     D:8: 458 daAuts
  Temple: 54 daAuts
